 Dungeon Crawl Stone Soup version 0.19-a0-1886-gd64a0f0 (webtiles) character file.

376 Kirkhe the Covert (level 6, -3/52 HPs)
             Began as an Octopode Assassin on Oct 16, 2016.
             Killed from afar by an orc wizard (6 damage)
             ... with a magic dart
             ... on level 4 of the Dungeon.
             The game lasted 00:05:19 (2369 turns).

Kirkhe the Covert (Octopode Assassin)               Turns: 2369, Time: 00:05:20

Health: -3/52      AC:  3    Str: 14 (15) XL:     6   Next: 73%
Magic:  6/6        EV: 13    Int: 15 (16) God:
Gold:   184        SH:  0    Dex: 14 (15) Spells: 0 memorised, 5 levels left

rFire  + . .     SeeInvis .     a - +2 dagger
rCold  . . .     Gourm    .     (no shield)
rNeg   . . .     Faith    .     (helmet restricted)
rPois  .         Spirit   .     (no amulet)
rElec  .         Dismiss  .     (no ring)
rCorr  .         Reflect  .     (no ring)
MR     .....     Harm     .     (no ring)
Stlth  ..........               (no ring)
                                (no ring)
                                (no ring)
                                (no ring)
                                (no ring)

@: berserking, very quick
A: almost no armour, stealthy swim, amphibious, 8 rings, constrict 8, iridescent
scales 1, camouflage 1, agile 1, deterioration 1, fire resistance 1, frail 1,
high mp 1, gelatinous body 1
a: no special abilities


You were on level 4 of the Dungeon.
You were hungry.

You visited 1 branch of the dungeon, and saw 4 of its levels.

You collected 184 gold pieces.

Inventory:

Hand Weapons
 a - a +2 dagger (weapon)
 b - a +0 blowgun
Missiles
 c - 8 poisoned needles
 d - 2 curare-tipped needles
 k - 6 silver javelins (quivered)
 p - 4 exploding tomahawks
Potions
 l - a potion of resistance
 o - 2 potions of cancellation
 s - a potion of agility
Books
 q - a book of Misfortune

   Spells                             Type                      Level
   a - Confusing Touch                Hexes                        1
   b - Confuse                        Hexes                        3
   c - Gell's Gravitas                Hexes/Translocation          3
   d - Petrify                        Transmutation/Earth          4
   e - Metabolic Englaciation         Hexes/Ice                    5
   f - Yara's Violent Unravelling     Hexes/Transmutation          5
Comestibles
 f - 4 bread rations
 g - 2 meat rations
 n - a beef jerky
 t - a slice of pizza


   Skills:
 - Level 2.0 Fighting
 + Level 3.6 Short Blades
 - Level 2.0 Throwing
 + Level 2.0 Dodging
 + Level 9.6 Stealth


You had 5 spell levels left.
You didn't know any spells.

Dungeon Overview and Level Annotations

Branches:
Dungeon (4/15)
 Temple: D:4-7

Altars:
Ashenzari
Okawaru


Innate Abilities, Weirdness & Mutations

You cannot wear most types of armour.
You are very stealthy in the water. (Stealth+)
You are amphibious.
You can wear up to eight rings at the same time.
You can use your tentacles to constrict eight enemies at once.
Your skin changes colour to match your surroundings (Stealth+).
Your rubbery body absorbs attacks. (AC +1, EV +1)
You are partially covered in iridescent scales. (AC +2)
You are agile. (Dex +2)
Your body sometimes deteriorates upon taking damage.
Your flesh is heat resistant. (rF+)
You are frail. (-10% HP)
You have an increased reservoir of magic. (+10% MP)


Message History

Unknown command.
A red film seems to cover your vision as you go berserk!
You feel yourself moving faster!
You feel mighty!
You hear some strange, mumbled words.
A puff of flame appears from out of thin air!
The puff of flame hits you! You resist.
* * * LOW HITPOINT WARNING * * *
You hear some strange, mumbled words.
A magic dart appears from out of thin air!
The magic dart hits you!
* * * LOW HITPOINT WARNING * * *
You hit something. Something barely misses you. x2
You closely miss something.
An orc wizard appears from thin air!
Reactivating autopickup.
You closely miss the orc wizard. You grab the orc wizard.
The orc wizard is heavily wounded.
You constrict the orc wizard. The orc wizard casts a spell at you.
The magic dart hits you!
You die...

.... .. #### .# ..# .###
######### #.####+#....
........[# #.##.....######
#........# ..#.......>...#
#.....#.$# ..<.........#.#
#........##
#.#.#..÷###.#.####.........#
..#.#...##.....o@{o........#
###.#..........####........
....####...##..#.......#.##
##### #....#..#..#...##
#..#.#..#......#
#†...#..####...#
######.####...†o....#
#............####.#.#
#......####### #...#


You could see an orc wizard and an orc.

Vanquished Creatures
  2 orc priests
  Natasha (thrice) (D:2)
  2 orc wizards (D:3)
  3 gnolls (D:4)
  6 adders (D:2)
  4 worms
  3 leopard geckos
  11 orcs
  A ball python (D:2)
  2 giant cockroaches
  8 goblins
  9 hobgoblins
  8 jackals
  A quokka (D:3)
  8 bats
  4 frilled lizards
  6 kobolds
  7 rats
88 creatures vanquished.

Notes
Turn   | Place    | Note
-------+----------+-------------------------------------------
     0 | D:1      | Kirkhe the Octopode Assassin began the quest for the Orb.
     0 | D:1      | Reached XP level 1. HP: 14/14 MP: 1/1
   277 | D:1      | Reached XP level 2. HP: 19/19 MP: 2/2
   450 | D:1      | Reached skill level 6 in Stealth
   670 | D:2      | Noticed Natasha
   677 | D:2      | Killed Natasha
   677 | D:2      | Reached skill level 7 in Stealth
   677 | D:2      | Reached XP level 3. HP: 23/24 MP: 3/3
   714 | D:2      | Noticed Natasha
   725 | D:2      | Killed Natasha
   725 | D:2      | Reached XP level 4. HP: 22/29 MP: 4/4
   918 | D:2      | Reached skill level 8 in Stealth
   991 | D:2      | Reached XP level 5. HP: 26/34 MP: 5/5
  1049 | D:2      | Noticed Natasha
  1057 | D:2      | Gained mutation: You are frail. (-10% HP) [potion of mutation]
  1057 | D:2      | Gained mutation: You are partially covered in iridescent scales. (AC +2) [potion of mutation]
  1057 | D:2      | Gained mutation: Your flesh is heat resistant. (rF+) [potion of mutation]
  1060 | D:2      | Killed Natasha
  1148 | D:2      | Gained mutation: You are agile. (Dex +2) [potion of mutation]
  1148 | D:2      | Gained mutation: Your body sometimes deteriorates upon taking damage. [potion of mutation]
  1149 | D:2      | Gained mutation: You have an increased reservoir of magic. (+10% MP) [potion of mutation]
  1229 | D:2      | Found a shattered altar of Ashenzari.
  1230 | D:2      | Found an iron altar of Okawaru.
  1779 | D:3      | Reached skill level 9 in Stealth
  1779 | D:3      | Reached XP level 6. HP: 35/35 MP: 6/6
  2369 | D:4      | Killed from afar by an orc wizard

Vault maps used:
D:1:      minmay_arrival_open_corners
D:2:      minitemple, first_bread, hangedman_decor_lopped, uniq_natasha

Skill      XL: |  1  2  3  4  5  6 |
---------------+-------------------+-----
Stealth        | 7 8 9 |  9.6
Short Blades   | 3 |  3.6
Dodging        | 2 |  2.0
Fighting       | |  2.0
Throwing       | |  2.0

Action                   |  1- 3 |  4- 6 || total
-------------------------+-------+-------++-------
Melee: Dagger            |    22 |   165 ||   187
       Constrict         |     5 |    40 ||    45
       Tentacles         |     4 |    21 ||    25
  Use: Potion            |       |     6 ||     6
       Scroll            |       |     8 ||     8
 Stab: Sleeping          |     8 |    22 ||    30
  Eat: Chunk             |       |     4 ||     4
Armor: Skin              |       |    17 ||    17
Dodge: Dodged            |    11 |    82 ||    93
